 Dungeon Crawl Stone Soup version 0.30-a0-4-ga7cffc901d (webtiles) character file.

Game seed: 400414408913411453

254 Sobieck the Sneak (level 6, -2/28 HPs)
             Began as a Vine Stalker Earth Elementalist on Aug 20, 2022.
             Killed by divine providence
             ... invoked by an orc priest
              (11 damage)
             ... on level 4 of the Dungeon.
             The game lasted 00:05:12 (2755 turns).

Sobieck the Sneak (Vine Stalker Earth Elementalist) Turns: 2755, Time: 00:05:13

Health: -2/28      AC:  3    Str: 10    XL:     6   Next: 15%
Magic:  0/10       EV: 12    Int: 15    God:
Gold:   214        SH:  0    Dex: 17    Spells: 2/9 levels left

rFire   . . .      SeeInvis .    a - +0 dagger {short}
rCold   . . .      Faith    .    (no shield)
rNeg    . . .      Spirit   +    f - +0 robe
rPois   .          Reflect  .    (no helmet)
rElec   .          Harm     .    u - +0 cloak
rCorr   .          Rampage  .    (no gloves)
Will    .....                    (no boots)
Stlth   +++.......               (no amulet)
HPRegen 0.89/turn                (no ring)
MPRegen 0.12/turn                (no ring)

@: no status effects
A: fangs 2, regeneration 1, magic shield, antimagic bite, no potion heal 2
a: no special abilities


You were on level 4 of the Dungeon.
You visited 1 branch of the dungeon, and saw 6 of its levels.

You collected 214 gold pieces.


Innate Abilities, Weirdness & Mutations

You have extremely sharp teeth.
Your natural rate of healing is unusually fast.
When hurt, damage is shared between your health and your magic reserves.
Your bite disrupts and absorbs the magic of your enemies.
Potions cannot restore your health.


   Skills:
 - Level 2.0 Short Blades
 - Level 1.5 Dodging
 + Level 5.3 Stealth
 - Level 2.1 Spellcasting
 - Level 1.0 Transmutations
 - Level 5.0 Earth Magic


You had 2 spell levels left.
You knew the following spells:

 Your Spells              Type           Power      Damage    Failure   Level
a - Sandblast             Erth           32%        2d9       2%          1
b - Passwall              Tmut/Erth      8%         N/A       10%         2
c - Petrify               Tmut/Erth      10%        N/A       54%         4

Your spell library contained the following spells:

 Spells                   Type           Power      Damage    Failure   Level
 Ensorcelled Hibernation  Hex/Ice        2%         N/A       32%         2
 Stone Arrow              Conj/Erth      18%        3d8       24%         3
 Swiftness                Air            1%         N/A       54%         3

Inventory:

Hand Weapons
 a - a +0 dagger (weapon) {short}
   (You took it off a goblin on level 1 of the Dungeon)
Missiles
 h - 28 stones {throwing}
 w - 4 boomerangs {throwing}
 x - 2 poisoned darts {throwing}
Armour
 d - a +0 plate armour
   (You found it on level 1 of the Dungeon)
 f - a +0 robe (worn)
 o - a +0 ring mail
   (You took it off an orc on level 2 of the Dungeon)
 p - a +0 robe
   (You found it on level 2 of the Dungeon)
 t - a +0 robe
   (You found it on level 3 of the Dungeon)
 u - a +0 cloak (worn)
   (You found it on level 3 of the Dungeon)
Scrolls
 e - a scroll of amnesia {unknown}
 i - 7 scrolls of identify {unknown}
 k - a scroll of butterflies {unknown}
 m - a scroll of poison {unknown}
 n - 2 scrolls of enchant weapon {unknown}
 r - a scroll of brand weapon {unknown}
 s - 2 scrolls of immolation {unknown}
 y - a scroll of vulnerability {unknown}
Potions
 b - a potion of magic
 c - 4 potions of curing {@q1}
 g - a potion of degeneration {unknown}
 j - a potion of brilliance {unknown}
 l - a potion of mutation {unknown}
 q - a potion of might {unknown}
 v - a potion of lignification {unknown}

Dungeon Overview and Level Annotations

Branches:
Dungeon (6/15) Zot: 26894
 Temple: D:4-7

Altars:
Vehumet
Zin

#+### ###+##...##.....#
+....##...##...##..>.##
#..............##....#
..........##...##....#
.....##...##...##....#
.#####...............+
#....##...##....#
#....##...##....#
#...@#.....#....#
##...#.....#....#
#....#.....#......
#....#.....#.......
#....#....##....##.
##..o#....#
########...#.....
..........o#......
...........#


You could see an orc priest and an orc.


Message History

Confirm with . or Enter, or press ? or * to list all spells.
Aiming: Sandblast (safe; 2% risk of failure)
Press: ? - help, Shift-Dir - straight line, f/p - ogre
Aim: an ogre, wielding a +0 giant club (severely wounded, 91% to hit)
The blast of sand hits the ogre!
You kill the ogre!
Your Stealth skill increases to level 4!
You have reached level 6!
Unknown command.
The dart slug launches a dart at you. The slug dart hits you.
* * * LOW HITPOINT WARNING * * *
There is a stone staircase leading down here.
Unknown command.
You climb downwards.
There is a stone staircase leading up here.
Unknown command.
Unknown command.
You start resting.
You start resting.
Unknown command.
You climb upwards.
The dart slug launches a dart at you. The slug dart hits you.
There is a stone staircase leading down here.
Danger!
Unknown command.
Unknown command.
You can't see any susceptible monsters within range! (Use Z to cast anyway.) Unknown command.
There is a stone staircase leading down, spattered with blood here.
The blast of sand hits the dart slug!
You kill the dart slug!
You can't see any susceptible monsters within range! (Use Z to cast anyway.)
You see here a +0 giant club {mace}.
h - 22 stones {throwing} (gained 4)
Found a stone staircase leading up.
Unknown command.
There is a stone staircase leading up here.
You climb upwards.
The iguana hisses angrily.
There is a stone staircase leading down here.
Danger!
Unknown command.
The blast of sand hits the iguana.
The blast of sand hits the iguana.
The iguana misses you.
Unknown command.
The blast of sand hits the iguana.
The iguana barely misses you.
Unknown command.
The blast of sand hits the iguana.
You kill the iguana!
Your Stealth skill increases to level 5!
Unknown command.
Unknown command.
You start resting.
Unknown command.
s - 2 scrolls labelled ANYACW HAFREDU (gained 1)
i - 7 scrolls labelled SIPNOKK ELIWE (gained 1)
h - 28 stones {throwing} (gained 6)
w - 4 boomerangs {throwing}
x - 2 poisoned darts {throwing} Unknown command.
y - a scroll labelled NIPUIR ZUGO Unknown command.
You open the door.
There is an open door here.
An orc priest comes into view. It is wielding a +0 whip.
Danger!
An orc wizard comes into view. It is wielding a +2 dagger of speed.
The blast of sand hits the orc priest but does no damage.
The orc priest shouts!
The orc wizard shouts!
An orc comes into view. It is wielding a +0 club.
The orc priest begins to cast a cantrip, but forgets the words!
An orc priest comes into view. It is wielding a +0 short sword.
Unknown command.
The blast of sand hits the orc priest but does no damage.
An orc comes into view. It is wielding a +0 flail.
The orc wizard casts a spell.
The orc wizard flickers and vanishes!
Deactivating autopickup; reactivate with Ctrl-A.
The orc priest calls down the wrath of Beogh upon you.
Beogh smites you!
An orc comes into view. It is wielding a +0 club.
You hear a shout! x2
Unknown command.
You are too injured to fight recklessly!
Unknown command.
You hear a shout! x2
There is an open door here.
You close the door.
An orc priest opens the door.
The orc priest mumbles some strange prayers to Beogh against you.
Beogh smites you!
Unknown command.
The orc priest invokes the aid of Beogh against you.
Beogh smites you!
* * * LOW HITPOINT WARNING * * *
Unknown command.
The orc priest invokes the aid of Beogh against you.
Beogh smites you!
You die...

Skill      XL: |  1  2  3  4  5  6 |
---------------+-------------------+-----
Earth Magic    | 4 5 |  5.0
Short Blades   | 1 2 |  2.0
Stealth        | 4 5 |  5.3
Dodging        | |  1.5
Spellcasting   | |  2.1
Transmutations | |  1.0

Action                   |  1- 3 |  4- 6 || total
-------------------------+-------+-------++-------
Melee: Unarmed           |     4 |       ||     4
       Bite              |     8 |       ||     8
       Dagger            |    28 |       ||    28
       Punch             |     1 |       ||     1
 Cast: Sandblast         |    33 |    45 ||    78
  Use: Potion            |       |     1 ||     1
 Stab: Sleeping          |     2 |       ||     2
Armor: Robe              |     7 |     1 ||     8
Dodge: Dodged            |    25 |     7 ||    32

Levels and vault maps discovered:
D:1:      lightli_arrival_maybe_door_vault, layout_basic
D:2:      layout_basic, kennysheep_small_spiral
D:3:      layout_basic, nicolae_overflow_ecumenical_swirl, vehumet_crystals,
          minmay_close_crescents
D:4:      layout_gridville, kennysheep_small_square
D:5:      layout_layer_cave, gammafunk_ghost_grave, chequers_arboretum,
          uniq_duvessa
D:6:      layout_basic, kennysheep_big_empty_room

Notes
Turn   | Place    | Note
-------+----------+-------------------------------------------
     0 | D:1      | Sobieck the Vine Stalker Earth Elementalist began the quest
                  | for the Orb.
     0 | D:1      | Reached XP level 1. HP: 9/9 MP: 4/4
   110 | D:1      | Reached XP level 2. HP: 13/13 MP: 1/6
   114 | D:1      | Learned a level 2 spell: Passwall
   408 | D:1      | Reached skill level 4 in Earth Magic
   522 | D:1      | Reached XP level 3. HP: 16/16 MP: 5/7
   776 | D:1      | You pick up a book of Burglary and begin reading...
   776 | D:1      | You add the spells Ensorcelled Hibernation and Swiftness to
                  | your library.
  1271 | D:2      | Reached skill level 5 in Earth Magic
  1271 | D:2      | Gained mutation: Your natural rate of healing is unusually
                  | fast. [Vine Stalker growth]
  1271 | D:2      | Reached XP level 4. HP: 21/21 MP: 5/8
  1456 | D:2      | Reached skill level 1 in Short Blades
  1626 | D:2      | Learned a level 4 spell: Petrify
  1634 | D:2      | Reached XP level 5. HP: 12/24 MP: 1/9
  1635 | D:2      | Reached skill level 2 in Short Blades
  2035 | D:2      | Reached skill level 3 in Stealth
  2355 | D:3      | Found a faded altar of an unknown god.
  2358 | D:3      | Found a glowing silver altar of Zin.
  2462 | D:3      | Found a radiant altar of Vehumet.
  2463 | D:3      | You fall into a shaft and drop 2 floors!
  2463 | D:5      | Entered Level 5 of the Dungeon
  2496 | D:5      | Noticed an ogre
  2551 | D:5      | Killed an ogre
  2552 | D:5      | Reached skill level 4 in Stealth
  2552 | D:5      | Reached XP level 6. HP: 12/28 MP: 1/10
  2552 | D:5      | HP: 7/28 [dart slug/slug dart (6)]
  2658 | D:4      | Reached skill level 5 in Stealth
  2751 | D:4      | HP: 5/28 [orc priest/divine providence (13)]
  2755 | D:4      | Killed from afar by an orc priest

Vanquished Creatures
  An ogre (D:5)
  An orc priest (D:2)
  An iguana (D:4)
  3 gnolls (D:2)
  An adder (D:2)
  A worm (D:2)
  5 dart slugs
  4 orcs (D:2)
  8 ball pythons
  4 bats
  9 endoplasms
  A giant cockroach (D:2)
  2 goblins (D:1)
  5 hobgoblins
  4 jackals (D:2)
  5 frilled lizards (D:1)
  3 kobolds
  6 rats
64 creatures vanquished.

Table legend:
 A = Non-vault XP
 B = Vault XP
 C = Vault XP percentage of total XP
 D = Non-vault monster count
 E = Vault monster count
 F = Vault count percentage of total count
                 A         B        C        D         E       F
            +---------+---------+-------+---------+---------+-------
      Total |     364 |       0 |   0.0 |      64 |       0 |   0.0
            +---------+---------+-------+---------+---------+-------
        D:1 |      49 |       0 |   0.0 |      28 |       0 |   0.0
        D:2 |     147 |       0 |   0.0 |      27 |       0 |   0.0
        D:3 |       9 |       0 |   0.0 |       5 |       0 |   0.0
        D:4 |      35 |       0 |   0.0 |       1 |       0 |   0.0
        D:5 |     124 |       0 |   0.0 |       3 |       0 |   0.0
            +---------+---------+-------+---------+---------+-------

Illustrated notes

Table legend:
 A = Kills in this place as a percentage of kills in entire the game.
 B = Kills by you in this place as a percentage of kills by you in the entire game.
 C = Kills by friends in this place as a percentage of kills by friends in the entire game.
 D = Other kills in this place as a percentage of other kills in the entire game.
 E = Experience gained in this place as a percentage of experience gained in the entire game.
 F = Experience gained in this place divided by the number of levels of this place that you have seen.
                   A       B       C       D       E      F
               +-------+-------+-------+-------+-------+----------------------
         Total | 100.0 | 100.0 |   N/A |   N/A | 100.0 |  60.7
       Dungeon | 100.0 | 100.0 |   N/A |   N/A | 100.0 |  60.7
               +-------+-------+-------+-------+-------+----------------------

Table legend: (Time is in decaauts)
 A = Elapsed time spent in this place.
 B = Non-inter-level travel time spent in this place.
 C = Inter-level travel time spent in this place.
 D = Time resting spent in this place.
 E = Time spent auto-exploring this place.
 F = Levels seen in this place.
 G = Mean time per level.
                   A        B        C        D        E       F      G
               +--------+--------+--------+--------+--------+-----+--------+
         Total |   2794 |   2743 |     51 |    196 |   2158 |   6 |  465.7 |
       Dungeon |   2794 |   2743 |     51 |    196 |   2158 |   6 |  465.7 |
               +--------+--------+--------+--------+--------+-----+--------+

Top non-repeatable levels by time:
     D:2: 1180 daAuts
     D:1: 1149 daAuts
     D:3: 166 daAuts
     D:6: 115 daAuts
     D:4: 104 daAuts
     D:5: 78 daAuts
